 Dungeon Crawl Stone Soup version 0.30-a0-122-g2a1322497e (webtiles) character file.

Game seed: 1035478010546367434

397 Trogtastic the Chopper (level 6, -11/84 HPs)
             Began as a Minotaur Berserker on Sept 16, 2022.
             Was a Believer of Trog.
             Killed from afar by Dowan (13 damage)
             ... with a shard of ice
             ... on level 4 of the Dungeon.
             The game lasted 00:07:02 (3267 turns).

Trogtastic the Chopper (Minotaur Berserker)         Turns: 3267, Time: 00:07:03

Health: -11/84     AC: 10    Str: 23    XL:     6   Next: 53%
Magic:  5/5        EV:  9    Int: 10    God:    Trog [**....]
Gold:   183        SH:  8    Dex: 10    Spells: 5/5 levels left

rFire   + . .      SeeInvis .    a - +0 hand axe
rCold   + + .      Faith    .    k - +0 kite shield
rNeg    . . .      Spirit   .    b - +2 scale mail of Fatah {rF+ rC++}
rPois   +          Reflect  .    (helmet restricted)
rElec   .          Harm     .    (no cloak)
rCorr   .          Rampage  .    (no gloves)
Will    .....                    v - +0 pair of boots
Stlth   ..........               (no amulet)
HPRegen 0.24/turn                g - +6 ring of intelligence
MPRegen 0.09/turn                n - ring of poison resistance

@: berserking, lethally poisoned (-11 -> -19), lit by a corona, glowing, very
quick
A: horns 2, retaliatory headbutt
a: Renounce Religion, Berserk, Trog's Hand


You were on level 4 of the Dungeon.
You worshipped Trog.
Trog was pleased with you.
You visited 1 branch of the dungeon, and saw 4 of its levels.

You collected 183 gold pieces.

Inventory:

Hand Weapons
 a - a +0 hand axe (weapon)
Missiles
 c - a throwing net (quivered)
Armour
 b - the +2 scale mail of Fatah (worn) {rF+ rC++}
   (You found it on level 2 of the Dungeon)

   rF:        It protects you from fire.
   rC:        It greatly protects you from cold.
 k - a +0 kite shield (worn)
 v - a +0 pair of boots (worn)
Jewellery
 g - a +6 ring of intelligence (left hand)
 j - a ring of resist corrosion
 n - a ring of poison resistance (right hand)
 q - a ring of positive energy
Wands
 s - a wand of paralysis (8)
 t - a wand of polymorph (5)
Scrolls
 e - 5 scrolls of identify {unknown}
 i - a scroll of teleportation {unknown}
 o - 2 scrolls of vulnerability {unknown}
 u - 3 scrolls of fear {unknown}
 w - a scroll of enchant armour {unknown}
 x - a scroll of enchant weapon {unknown}
Potions
 d - 3 potions of invisibility {unknown}
 f - a potion of degeneration {unknown}
 h - 3 potions of heal wounds {unknown}
 l - a potion of curing {unknown}
 m - 3 potions of cancellation {unknown}
 p - a potion of haste {unknown}
 r - a potion of berserk rage {unknown}


   Skills:
 + Level 5.2 Fighting
 + Level 5.5 Axes
 + Level 4.1 Armour
 + Level 3.8 Dodging
 + Level 2.8 Shields


You had 5 spell levels left.
You didn't know any spells.
Your spell library was empty.

Dungeon Overview and Level Annotations

Branches:
Dungeon (4/15)
 Temple: D:4-7

Altars:
Kikubaaqudgha

Annotations:
D:4 Dowan


Innate Abilities, Weirdness & Mutations

You have a pair of horns on your head.
You reflexively headbutt those who attack you in melee.


Message History

Dowan gestures wildly while chanting.
Dowan blinks!
Unknown command.
You slash Duvessa!
You kill Duvessa!
Trog accepts your kill.
Dowan's eyes darken. "You have made a black mistake."
Dowan seems to find hidden reserves of power!
You hit the centaur zombie. You hit the hound skeleton.
You slash the hound zombie!
* * * LOW HITPOINT WARNING * * *
You feel very sick.
Dowan mumbles some strange words.
Dowan blinks!
The centaur zombie hits you but does no damage.
The centaur zombie closely misses you. The hound skeleton barely misses you.
The hound zombie barely misses you. You furiously retaliate!
You headbutt the hound zombie!
You destroy the hound zombie!
Trog accepts your kill.
Your Fighting skill increases to level 5!
Your Armour skill increases to level 4!
You have reached level 6!
Unknown command.
You slash the centaur zombie! You headbutt the centaur zombie.
You destroy the centaur zombie!
Trog accepts your kill.
You hit the hound skeleton.
* * * LOW HITPOINT WARNING * * *
You feel sick.
Dowan zaps a wand.
The puff of flame hits you. You resist.
* * * LOW HITPOINT WARNING * * *
The hound skeleton closely misses you. You furiously retaliate!
You headbutt the hound skeleton. You slash the hound skeleton!
The hound skeleton is severely damaged.
* * * LOW HITPOINT WARNING * * *
You feel sick. Dowan casts a spell at you. The shard of ice hits you!
You partially resist.
You die...

.## ..## ###§
...##P.§§ #.....~§§
##.....§~§~.
##......~§~≈.
##.)§....~~~≈
##..Z@.....§§
##........e.##
###............##
##...$.........#.#.
................#..#
.................##
#.................##
##..................
#......###.....##..


You could see Dowan (fast) and a hound skeleton.

Vanquished Creatures
  Duvessa (D:4)
  2 centaur zombies (D:4)
  2 iguanas (D:4)
  A hound zombie (D:4)
  3 gnolls (D:3)
  4 adders
  An ufetubus (D:4)
  An adder zombie (D:4)
  A dart slug (D:4)
  An orc (D:3)
  13 ball pythons
  10 bats
  10 endoplasms
  3 giant cockroaches
  7 goblins
  3 hobgoblins
  7 jackals
  5 kobolds
  3 quokkas
  A frilled lizard (D:3)
  9 rats
88 creatures vanquished.

Vanquished Creatures (others)
  A plant (D:1)
  A withered plant (D:4)
2 creatures vanquished.

Grand Total: 90 creatures vanquished

Notes
Turn   | Place    | Note
-------+----------+-------------------------------------------
     0 | D:1      | Trogtastic the Minotaur Berserker began the quest for the
                  | Orb.
     0 | D:1      | Reached XP level 1. HP: 19/19 MP: 0/0
   525 | D:1      | Found a faded altar of an unknown god.
   527 | D:1      | Reached XP level 2. HP: 27/27 MP: 1/1
   975 | D:1      | Reached XP level 3. HP: 30/33 MP: 2/2
  1445 | D:2      | Reached ** piety under Trog
  1617 | D:2      | Identified the +2 scale mail of Fatah {rF+ rC++}
  1731 | D:2      | Reached XP level 4. HP: 41/41 MP: 3/3
  2175 | D:3      | Reached skill level 1 in Shields
  2617 | D:3      | Reached skill level 5 in Axes
  2617 | D:3      | Reached XP level 5. HP: 46/47 MP: 4/4
  3121 | D:4      | Found an ancient bone altar of Kikubaaqudgha.
  3255 | D:4      | Noticed Dowan
  3256 | D:4      | Noticed Duvessa
  3265 | D:4      | Killed Duvessa
  3266 | D:4      | Reached skill level 5 in Fighting
  3266 | D:4      | Reached XP level 6. HP: 7/56 MP: 5/5
  3266 | D:4      | HP: 4/84 [Dowan/puff of flame (3)]
  3267 | D:4      | Killed from afar by Dowan

Illustrated notes

Levels and vault maps discovered:
D:1:      amcnicky_arrival_feature_with_door, layout_loops_corners,
          shapermc_ecumenical_altar_rom_forum, serial_forest,
          infiniplex_forest_zigzag_2, infiniplex_forest_clump_curved,
          infiniplex_forest_clump_double, infiniplex_forest_clump_small,
          infiniplex_forest_straight_3, infiniplex_forest_zigzag_2,
          infiniplex_forest_clump_small, minmay_quantized
D:2:      layout_basic
D:3:      layout_loops_ring, chequers_serial_rivers_micro_e, minmay_vboxes
D:4:      layout_layer_cave, kiku_gazebo_pond_becter, serial_undead,
          serial_undead_d, serial_undead_b, serial_undead_d, serial_undead_f,
          serial_undead_f, minmay_crossroads, uniq_duvessa

Skill      XL: |  1  2  3  4  5 |
---------------+----------------+-----
Fighting       | 4 5 |  5.2
Axes           | 4 5 |  5.5
Armour         | 3 4 |  4.1
Shields        | 1 2 |  2.8
Dodging        | 3 |  3.8

Action                   |  1- 3 |  4- 6 || total
-------------------------+-------+-------++-------
Melee: Hand axe          |    80 |   115 ||   195
       Headbutt          |    14 |    13 ||    27
Invok: Berserk           |       |     1 ||     1
Armor: Animal skin       |    17 |       ||    17
       Scale mail        |     6 |    57 ||    63
       Chain mail        |     2 |       ||     2
Dodge: Dodged            |    58 |    54 ||   112
Block: Kite shield       |     5 |    44 ||    49

Table legend: (Time is in decaauts)
 A = Elapsed time spent in this place.
 B = Non-inter-level travel time spent in this place.
 C = Inter-level travel time spent in this place.
 D = Time resting spent in this place.
 E = Time spent auto-exploring this place.
 F = Levels seen in this place.
 G = Mean time per level.
                   A        B        C        D        E       F      G
               +--------+--------+--------+--------+--------+-----+--------+
         Total |   3300 |   3088 |    212 |      0 |   2556 |   4 |  825.0 |
       Dungeon |   3300 |   3088 |    212 |      0 |   2556 |   4 |  825.0 |
               +--------+--------+--------+--------+--------+-----+--------+

Top non-repeatable levels by time:
     D:1: 1579 daAuts
     D:3: 829 daAuts
     D:2: 509 daAuts
     D:4: 381 daAuts
